[ PARTIDA AOE2 · #495832225 ]
UnrankedCoreanos vs Spanish
Equipo del jugador · VICT
Equipo rival · DERR
[ ANÁLISIS DE REPETICIÓN · EXTRAÍDO DE LA PARTIDA GRABADA ]
Feudal
8:58
Castillos
21:31
Imperial
—
| APM promedio | 59.1 |
| APM pico | 101 |
| eAPM promedio | 24.6 |
| Aldeanos / militares | 63 / 39 |
Foco
⚔️ 45.5% · 🌾 54.5%
Archer ×32 · Militia ×4 · Spearman ×2 · Fire Lancer ×1
Feudal
8:52
Castillos
—
Imperial
—
| APM promedio | 51.8 |
| APM pico | 84 |
| eAPM promedio | 21.0 |
| Aldeanos / militares | 44 / 28 |
Foco
⚔️ 34.6% · 🌾 65.4%
Skirmisher ×16 · Scout Cavalry ×10 · Spearman ×2
Mapa de la partida
Recursos iniciales + cada clic de construcción. Líneas = muros · curvas = relieve. ◆ oro · ⬟ piedra · ● bayas · ✦ reliquia · ◌ hueco del cierre
Tu base· ✓ Cerrada en 21:31 · 49t muro · sin puerta
Base de rubatubdubs· ✓ Cerrada en 22:14 · 52t muro · 1 puerta(s)
Terreno inicial suavizado · ◌ = hueco del cierre detectado · pasá el cursor para detalles
Inputs por minuto
— Fs.F1re eh Meu Pai - - rubatubdubs
Build order — Fs.F1re eh Meu Pai
Primeras 150 de 174 acciones detectadas
| 0:00 | Crear | Villager (Male) |
| 0:00 | Crear | Villager (Male) |
| 0:00 | Crear | Villager (Male) |
| 0:00 | Crear | Villager (Male) |
| 0:00 | Crear | Villager (Male) |
| 0:00 | Crear | Villager (Male) |
| 0:00 | Crear | Villager (Male) |
| 0:00 | Crear | Villager (Male) |
| 0:00 | Crear | Villager (Male) |
| 0:00 | Crear | Villager (Male) |
| 0:01 | Crear | Villager (Male) |
| 0:01 | Crear | Villager (Male) |
| 0:01 | Crear | Villager (Male) |
| 0:01 | Crear | Villager (Male) |
| 0:01 | Crear | Villager (Male) |
| 0:02 | Construir | House |
| 0:03 | Construir | House |
| 1:27 | Crear | Villager (Male) |
| 1:27 | Crear | Villager (Male) |
| 2:00 | Crear | Villager (Male) |
| 2:26 | Crear | Villager (Male) |
| 2:27 | Crear | Villager (Male) |
| 2:48 | Crear | Villager (Male) |
| 2:49 | Crear | Villager (Male) |
| 2:49 | Crear | Villager (Male) |
| 2:51 | Construir | Lumber Camp |
| 3:33 | Crear | Villager (Male) |
| 3:38 | Crear | Villager (Male) |
| 3:52 | Construir | House |
| 4:03 | Crear | Villager (Male) |
| 4:56 | Crear | Villager (Male) |
| 5:17 | Crear | Villager (Male) |
| 5:34 | Construir | Barracks |
| 5:39 | Crear | Villager (Male) |
| 5:48 | Construir | Palisade Wall |
| 5:49 | Construir | Palisade Wall |
| 5:52 | Crear | Villager (Male) |
| 6:07 | Investigar | Loom |
| 6:40 | Construir | House |
| 6:48 | Investigar | Feudal Age |
| 6:55 | Construir | Mining Camp |
| 7:18 | Crear | Militia |
| 7:28 | Crear | Militia |
| 7:28 | Crear | Militia |
| 7:43 | Construir | Mill |
| 7:52 | Crear | Militia |
| 8:36 | Crear | Villager (Male) |
| 8:42 | Construir | House |
| 8:43 | Construir | House |
| 8:58 | Edad | Edad Feudal |
| 9:01 | Investigar | Man-at-Arms (upgrade) |
| 9:01 | Investigar | Man-at-Arms (upgrade) |
| 9:17 | Crear | Villager (Male) |
| 9:21 | Construir | Archery Range |
| 9:59 | Crear | Villager (Male) |
| 10:09 | Crear | Villager (Male) |
| 10:14 | Construir | Palisade Wall |
| 10:19 | Crear | Villager (Male) |
| 10:31 | Construir | Farm |
| 10:40 | Crear | Spearman |
| 11:02 | Crear | Villager (Male) |
| 11:11 | Construir | Palisade Wall |
| 11:15 | Construir | Palisade Wall |
| 11:19 | Construir | Farm |
| 11:20 | Construir | Farm |
| 11:27 | Crear | Villager (Male) |
| 11:33 | Crear | Archer |
| 11:44 | Construir | Palisade Wall |
| 11:58 | Crear | Villager (Male) |
| 12:05 | Crear | Villager (Male) |
| 12:14 | Construir | Farm |
| 12:18 | Crear | Archer |
| 12:19 | Crear | Villager (Male) |
| 12:27 | Investigar | Double-Bit Axe |
| 12:28 | Investigar | Double-Bit Axe |
| 12:40 | Construir | Palisade Wall |
| 12:45 | Crear | Villager (Male) |
| 12:48 | Construir | Farm |
| 12:51 | Construir | Farm |
| 13:13 | Crear | Villager (Male) |
| 13:17 | Crear | Archer |
| 13:20 | Crear | Spearman |
| 13:23 | Construir | House |
| 13:27 | Construir | House |
| 13:29 | Construir | House |
| 13:32 | Construir | Farm |
| 13:41 | Crear | Archer |
| 14:04 | Construir | Palisade Wall |
| 14:13 | Crear | Villager (Male) |
| 14:15 | Construir | Farm |
| 14:23 | Crear | Villager (Male) |
| 14:37 | Crear | Villager (Male) |
| 14:39 | Construir | Farm |
| 14:49 | Construir | House |
| 14:50 | Crear | Villager (Male) |
| 14:54 | Construir | Palisade Wall |
| 15:00 | Crear | Villager (Male) |
| 15:08 | Construir | Blacksmith |
| 15:08 | Crear | Villager (Male) |
| 15:18 | Crear | Archer |
| 15:26 | Construir | Farm |
| 15:41 | Crear | Villager (Male) |
| 15:46 | Construir | House |
| 15:49 | Construir | House |
| 15:55 | Investigar | Fletching |
| 15:56 | Crear | Archer |
| 16:09 | Crear | Villager (Male) |
| 16:11 | Construir | Farm |
| 16:12 | Construir | Farm |
| 16:37 | Crear | Villager (Male) |
| 16:38 | Crear | Archer |
| 16:57 | Crear | Villager (Male) |
| 17:09 | Crear | Villager (Male) |
| 17:11 | Construir | Farm |
| 17:20 | Crear | Archer |
| 17:41 | Construir | Palisade Wall |
| 17:46 | Construir | Farm |
| 17:54 | Construir | Lumber Camp |
| 18:25 | Crear | Archer |
| 18:51 | Investigar | Castle Age |
| 18:51 | Investigar | Castle Age |
| 19:00 | Construir | House |
| 19:02 | Construir | House |
| 19:10 | Construir | Archery Range |
| 19:24 | Crear | Archer |
| 19:25 | Crear | Archer |
| 19:48 | Crear | Archer |
| 20:05 | Crear | Archer |
| 20:06 | Crear | Archer |
| 20:16 | Crear | Archer |
| 20:16 | Crear | Archer |
| 20:22 | Construir | House |
| 20:29 | Investigar | Gold Mining |
| 20:29 | Investigar | Gold Mining |
| 20:29 | Investigar | Horse Collar |
| 20:30 | Investigar | Horse Collar |
| 20:43 | Crear | Archer |
| 20:44 | Crear | Archer |
| 20:53 | Crear | Archer |
| 20:53 | Crear | Archer |
| 20:57 | Construir | Palisade Wall |
| 21:07 | Construir | House |
| 21:08 | Construir | House |
| 21:31 | Edad | Edad de los Castillos |
| 21:34 | Investigar | Crossbowman (upgrade) |
| 21:34 | Investigar | Crossbowman (upgrade) |
| 21:35 | Crear | Villager (Male) |
| 21:37 | Crear | Villager (Male) |
| 21:55 | Investigar | Bodkin Arrow |
| 22:09 | Crear | Villager (Male) |
Build order — rubatubdubs
141 acciones detectadas en el replay
| 0:00 | Crear | Villager (Male) |
| 0:01 | Investigar | Loom |
| 0:02 | Crear | Villager (Male) |
| 0:03 | Construir | House |
| 0:05 | Construir | House |
| 0:10 | Crear | Villager (Male) |
| 0:19 | Crear | Villager (Male) |
| 1:33 | Crear | Villager (Male) |
| 1:55 | Crear | Villager (Male) |
| 2:17 | Crear | Villager (Male) |
| 2:45 | Construir | Lumber Camp |
| 2:50 | Crear | Villager (Male) |
| 3:12 | Crear | Villager (Male) |
| 3:21 | Construir | House |
| 3:43 | Crear | Villager (Male) |
| 3:43 | Crear | Villager (Male) |
| 4:12 | Crear | Villager (Male) |
| 4:16 | Crear | Villager (Male) |
| 4:25 | Crear | Villager (Male) |
| 5:08 | Construir | Mill |
| 5:12 | Crear | Villager (Male) |
| 5:14 | Crear | Villager (Male) |
| 5:15 | Crear | Villager (Male) |
| 5:43 | Crear | Villager (Male) |
| 6:05 | Investigar | Loom |
| 6:40 | Investigar | Feudal Age |
| 7:11 | Construir | House |
| 7:34 | Construir | House |
| 7:39 | Construir | Barracks |
| 7:45 | Construir | Palisade Wall |
| 7:48 | Crear | Villager (Male) |
| 7:55 | Construir | Palisade Wall |
| 7:56 | Construir | Palisade Wall |
| 8:37 | Construir | Palisade Wall |
| 8:48 | Crear | Villager (Male) |
| 8:52 | Edad | Edad Feudal |
| 8:53 | Construir | Stable |
| 8:55 | Construir | House |
| 8:57 | Construir | Palisade Wall |
| 9:02 | Construir | Palisade Wall |
| 9:04 | Crear | Spearman |
| 9:18 | Crear | Villager (Male) |
| 9:19 | Investigar | Double-Bit Axe |
| 10:01 | Crear | Villager (Male) |
| 10:07 | Crear | Villager (Male) |
| 10:08 | Crear | Scout Cavalry |
| 10:35 | Construir | House |
| 10:37 | Construir | Palisade Wall |
| 10:49 | Construir | House |
| 10:53 | Construir | Palisade Wall |
| 10:55 | Construir | Palisade Wall |
| 10:57 | Construir | Palisade Wall |
| 10:59 | Crear | Scout Cavalry |
| 11:13 | Construir | Farm |
| 11:14 | Construir | Farm |
| 11:17 | Construir | Farm |
| 11:18 | Construir | Farm |
| 11:28 | Construir | House |
| 11:29 | Construir | Palisade Wall |
| 11:35 | Crear | Villager (Male) |
| 11:39 | Construir | Farm |
| 11:41 | Construir | Farm |
| 12:07 | Crear | Scout Cavalry |
| 12:08 | Crear | Villager (Male) |
| 12:21 | Crear | Spearman |
| 12:24 | Construir | Farm |
| 12:28 | Crear | Villager (Male) |
| 12:34 | Construir | House |
| 12:44 | Construir | Farm |
| 12:45 | Crear | Scout Cavalry |
| 12:50 | Construir | Palisade Wall |
| 13:17 | Crear | Villager (Male) |
| 13:18 | Crear | Scout Cavalry |
| 13:25 | Construir | Farm |
| 13:26 | Crear | Villager (Male) |
| 14:02 | Crear | Scout Cavalry |
| 14:05 | Construir | Archery Range |
| 14:06 | Crear | Villager (Male) |
| 14:18 | Crear | Villager (Male) |
| 14:19 | Crear | Scout Cavalry |
| 14:37 | Crear | Skirmisher |
| 14:37 | Crear | Skirmisher |
| 14:38 | Crear | Skirmisher |
| 14:52 | Crear | Villager (Male) |
| 15:16 | Crear | Scout Cavalry |
| 15:21 | Crear | Skirmisher |
| 15:23 | Crear | Villager (Male) |
| 15:30 | Construir | Lumber Camp |
| 15:32 | Crear | Villager (Male) |
| 17:07 | Crear | Skirmisher |
| 17:15 | Crear | Skirmisher |
| 17:20 | Construir | Farm |
| 17:24 | Construir | Mining Camp |
| 17:33 | Crear | Villager (Male) |
| 17:44 | Crear | Skirmisher |
| 17:47 | Crear | Scout Cavalry |
| 17:50 | Crear | Villager (Male) |
| 18:40 | Crear | Villager (Male) |
| 18:40 | Crear | Skirmisher |
| 18:44 | Crear | Villager (Male) |
| 18:49 | Crear | Skirmisher |
| 18:50 | Crear | Scout Cavalry |
| 18:58 | Crear | Villager (Male) |
| 19:02 | Construir | House |
| 19:17 | Construir | Blacksmith |
| 19:18 | Crear | Villager (Male) |
| 19:39 | Crear | Skirmisher |
| 19:41 | Crear | Villager (Male) |
| 19:46 | Construir | House |
| 19:52 | Investigar | Fletching |
| 19:52 | Investigar | Fletching |
| 20:06 | Crear | Skirmisher |
| 20:18 | Crear | Skirmisher |
| 20:19 | Crear | Villager (Male) |
| 20:22 | Crear | Skirmisher |
| 20:25 | Construir | Palisade Gate |
| 20:26 | Crear | Villager (Male) |
| 20:53 | Crear | Skirmisher |
| 20:54 | Crear | Villager (Male) |
| 20:56 | Crear | Skirmisher |
| 21:01 | Construir | Market |
| 21:02 | Crear | Villager (Male) |
| 21:39 | Construir | House |
| 21:42 | Construir | House |
| 21:44 | Construir | Palisade Wall |
| 21:59 | Construir | Farm |
| 21:59 | Construir | Farm |
| 22:14 | Investigar | Castle Age |
| 22:14 | Investigar | Castle Age |
| 22:17 | Construir | Farm |
| 22:26 | Crear | Skirmisher |
| 22:50 | Construir | Farm |
| 22:58 | Investigar | Padded Archer Armor |
| 23:07 | Construir | Farm |
| 23:40 | Construir | Watch Tower |
| 23:44 | Construir | House |
| 23:46 | Construir | Palisade Wall |
| 23:49 | Construir | Palisade Wall |
| 23:51 | Construir | Palisade Wall |
| 23:52 | Construir | Palisade Wall |
| 23:52 | Construir | Palisade Wall |
Cronología de la partida
| 5:34 | Fs.F1re eh Meu Pai · first_building Barracks |
| 5:48 | Fs.F1re eh Meu Pai · wall_segment Palisade Wall x1 |
| 5:49 | Fs.F1re eh Meu Pai · wall_segment Palisade Wall x1 |
| 7:39 | rubatubdubs · first_building Barracks |
| 7:45 | rubatubdubs · wall_segment Palisade Wall x5 |
| 7:55 | rubatubdubs · wall_segment Palisade Wall x6 |
| 7:56 | rubatubdubs · wall_segment Palisade Wall x1 |
| 8:37 | rubatubdubs · wall_segment Palisade Wall x6 |
| 8:52 | rubatubdubs · age_up feudal |
| 8:53 | rubatubdubs · first_building Stable |
| 8:57 | rubatubdubs · wall_segment Palisade Wall x7 |
| 8:58 | Fs.F1re eh Meu Pai · age_up feudal |
| 9:02 | rubatubdubs · wall_segment Palisade Wall x3 |
| 9:21 | Fs.F1re eh Meu Pai · first_building Archery Range |
| 10:14 | Fs.F1re eh Meu Pai · wall_segment Palisade Wall x8 |
| 10:37 | rubatubdubs · wall_segment Palisade Wall x1 |
| 10:53 | rubatubdubs · wall_segment Palisade Wall x1 |
| 10:55 | rubatubdubs · wall_segment Palisade Wall x1 |
| 10:57 | rubatubdubs · wall_segment Palisade Wall x1 |
| 11:11 | Fs.F1re eh Meu Pai · wall_segment Palisade Wall x14 |
| 11:15 | Fs.F1re eh Meu Pai · wall_segment Palisade Wall x9 |
| 11:29 | rubatubdubs · wall_segment Palisade Wall x5 |
| 11:44 | Fs.F1re eh Meu Pai · wall_segment Palisade Wall x8 |
| 12:40 | Fs.F1re eh Meu Pai · wall_segment Palisade Wall x1 |
| 12:50 | rubatubdubs · wall_segment Palisade Wall x8 |
| 14:04 | Fs.F1re eh Meu Pai · wall_segment Palisade Wall x5 |
| 14:05 | rubatubdubs · first_building Archery Range |
| 14:54 | Fs.F1re eh Meu Pai · wall_segment Palisade Wall x1 |
| 17:41 | Fs.F1re eh Meu Pai · wall_segment Palisade Wall x1 |
| 20:57 | Fs.F1re eh Meu Pai · wall_segment Palisade Wall x1 |
| 21:31 | Fs.F1re eh Meu Pai · age_up castle |
| 21:44 | rubatubdubs · wall_segment Palisade Wall x7 |
| 21:46 | rubatubdubs · first_market_buy 100 food |
| 23:46 | rubatubdubs · wall_segment Palisade Wall x2 |
| 23:49 | rubatubdubs · wall_segment Palisade Wall x2 |
| 23:51 | rubatubdubs · wall_segment Palisade Wall x2 |
| 23:52 | rubatubdubs · wall_segment Palisade Wall x1 |
| 23:52 | rubatubdubs · wall_segment Palisade Wall x1 |
| 24:17 | rubatubdubs · resign |
[ ANÁLISIS IA · 1 CRÉDITO ]
¿Qué pasó realmente en esta partida?
Wolo.gg analiza cada decisión: build order, eco, micro, errores típicos por bracket. Análisis personalizado por WhatsApp o Discord en 30 segundos.
Guía civ
Coreanos
Perfil
Jugador #284552